AoeStats
← Null

Arabia

508463393Analyzed
1v1 RM · 8d ago on Sep 22, 2026· 43m 37s· 2 players
Game mode
Random Map
Map size
Tiny (2 player)
Population
200
Speed
Normal
Resources
Standard
Victory
Conquest
Starting age
Dark Age
Ending age
Imperial Age
RankedLock teamsTeams togetherTeam positionsShared explorationLock speedFull tech treeHidden civsTurbo modeCheats
Victory
Defeat
🇪🇸 Varangians · Spain
1070
+16
🇹🇼 Spanish · Taiwan
1064
-16
Null
10:26 Feudal Age
9:40 Loom
11:12 Double-Bit Axe
21:52 Castle Age
20:10 Horse Collar
22:50 Bloodlines
22:41 Husbandry
26:17 Wheelbarrow
39:04 Scale Barding Armor
39:59 Hand Cart
41:05 Heavy Plow
41:20 Bow Saw
42:00 Town Watch
42:09 Light Cavalry
SMcognition
4:39 Loom
9:13 Feudal Age
10:00 Double-Bit Axe
13:23 Horse Collar
21:06 Castle Age
20:51 Gold Mining
22:25 Wheelbarrow
22:31 Fletching
23:57 Hand Cart
25:35 Bow Saw
26:03 Bodkin Arrow
26:20 Padded Archer Armor
27:14 Ballistics
27:24 Bloodlines
28:08 Husbandry
32:47 Town Watch
38:51 Imperial Age
38:10 Leather Archer Armor
38:58 Heavy Mounted Crossbowman
38:59 Cranequins
40:40 Conscription
41:26 Siege Engineers
42:44 Two-Man Saw
42:26 Bracer
44:07 Ring Archer Armor
Connection lost

Rejoining the realm…

Still unreachable

The connection could not be restored.

Session expired

The server has moved on; the page needs a fresh start.